 Dungeon Crawl Stone Soup version 0.27-a0-1147-gb3d8e82157 (webtiles) character file.

Game seed: 17546313016182348366

8634 dolemite99 the Nimble (level 11, -6/61 HPs)
             Began as a Deep Elf Air Elementalist on May 11, 2021.
             Was the Champion of Jiyva.
             Mangled by a yak (8 damage)
             ... on level 1 of the Lair of Beasts.
             The game lasted 00:24:35 (16241 turns).

dolemite99 the Nimble (Deep Elf Air Elementalist)  Turns: 16241, Time: 00:24:35

Health: -6/61      AC: 10    Str: 10    XL:     11   Next: 12%
Magic:  8/23       EV: 13    Int: 26    God:    Jiyva [******]
Gold:   109        SH:  0    Dex:  8    Spells: 4/23 levels left

rFire    . . .     SeeInvis .   b - +0 shortbow (flame)
rCold    . . .     Faith    .   (shield currently unavailable)
rNeg     . . .     Spirit   .   K - +0 acid dragon scales
rPois    .         Reflect  .   C - +1 hat
rElec    .         Harm     .   (no cloak)
rCorr    +         Rampage  .   (no gloves)
Will     +....                  r - +2 pair of boots
Stlth    +.........             (no amulet)
HPRegen  0.20/turn              (no ring)
MPRegen  0.18/turn              (no ring)

@: no status effects
A: horns 2, screaming 1, acidic bite, evolution 1, jelly absorbing missiles
a: Renounce Religion, Request Jelly, Slimify, Cure Bad Mutation


You were on level 1 of the Lair of Beasts.
You worshipped Jiyva.
Jiyva was exalted by your worship.
You visited 2 branches of the dungeon, and saw 12 of its levels.
You also visited: Sewer.

You collected 347 gold pieces.
You spent 238 gold pieces at shops.

Inventory:

Hand Weapons
 a - the +8 trident of Tergh {speed, Str+5 Stlth+}
   (You bought it in a shop on level 8 of the Dungeon)

   Attacks with this weapon are significantly faster.
   It affects your strength (+5).
   It makes you more stealthy.
 b - a +0 shortbow of flaming (weapon)
 l - a +2 vampiric dagger
 o - a +2 antimagic dagger
 u - a +0 halberd
 w - a +0 dagger
 D - a +0 short sword of venom
 G - a +0 dagger of electrocution
 H - a +0 dagger of venom
 J - a +0 rapier of electrocution
Missiles
 c - 5 silver javelins
 m - 105 stones
 s - 54 bolts
 y - 115 arrows (quivered ammo)
 F - 15 sling bullets
Armour
 d - a +0 ring mail
 r - a +2 pair of boots (worn)
 v - a +0 robe
 x - a +0 troll leather armour
 C - a +1 hat (worn)
 K - +0 acid dragon scales (worn)
Magical Staves
 p - a staff of death
Jewellery
 f - a ring of willpower
 t - a ring of flight
Scrolls
 e - 4 scrolls of identify {@r1}
 k - 2 scrolls of magic mapping {unknown}
 q - 3 scrolls of enchant weapon {unknown}
 B - a scroll of noise
 E - a scroll of fear {unknown}
 I - a scroll of amnesia {unknown}
Potions
 g - 2 potions of flight
 i - a potion of resistance {unknown}
 j - a potion of ambrosia
 n - a potion of degeneration
 A - a potion of cancellation {unknown}


   Skills:
 - Level 4.3 Fighting
 - Level 4.0 Bows
 + Level 9.3 Dodging
 - Level 2.4 Stealth
 - Level 6.9 Spellcasting
 - Level 6.0 Conjurations
 + Level 8.1 Summonings
 - Level 5.1 Ice Magic
 - Level 9.1 Air Magic


You had 4 spell levels left.
You knew the following spells:

 Your Spells              Type           Power      Damage    Failure   Level
a - Summon Lightning Spi  Summ/Air       52%        N/A       3%          4
b - Call Canine Familiar  Summ           51%        N/A       1%          3
c - Airstrike             Air            27%        N/A       2%          4
d - Shock                 Conj/Air       100%       1d9       1%          1
e - Static Discharge      Conj/Air       48%        N/A       1%          2
f - Summon Ice Beast      Ice/Summ       43%        N/A       7%          4
g - Animate Skeleton      Necr           18%        N/A       11%         1

Your spell library contained the following spells:

 Spells                   Type           Power      Damage    Failure   Level
 Summon Small Mammal      Summ           100%       N/A       1%          1
 Call Imp                 Summ           51%        N/A       1%          2
 Swiftness                Air            54%        N/A       1%          3
 Ensorcelled Hibernation  Hex/Ice        44%        N/A       5%          2
 Summon Guardian Golem    Hex/Summ       30%        N/A       6%          3
 Apportation              Tloc           18%        N/A       11%         1
 Corona                   Hex            10%        N/A       11%         1
 Animate Armour           Summ/Erth      60%        N/A       19%         4
 Lightning Bolt           Conj/Air       24%        1d39      13%         5
 Silence                  Hex/Air        16%        N/A       41%         5
 Shadow Creatures         Summ           N/A        N/A       50%         6
 Borgnjor's Vile Clutch   Necr/Erth      4%         N/A       96%         5


Dungeon Overview and Level Annotations

Branches:
Dungeon (11/15)            Temple (0/1) D:6            Lair (1/6) D:11
    Orc (0/2) D:9           Sewer (visited)

Altars:
Ashenzari
Cheibriados
Dithmenos
Elyvilon
Qazlal
Uskayaw
Vehumet
Wu Jian
Xom
Zin
The Shining One
Beogh
Jiyva

Shops:
D:8 ((

Portals:
Abyss: Lair:1

Annotations:
D:3 3 runed translucent doors, ClownBaby's ghost, amateur MfGl
D:7 1 exclusion
D:11 exclusion: 3 oklob plants
Lair:1 1 transporter, jasper's ghost, journeyman DgTm


Innate Abilities, Weirdness & Mutations

You have a pair of horns on your head.
You occasionally shout uncontrollably at your foes.
You have acidic saliva.
You evolve.
You have a small jelly attached to you that may absorb incoming projectiles.


Message History

Casting: Summon Lightning Spire (dangerous; 3% risk of failure)
Confirm with . or Enter, or press ? or * to list all spells.
The yak is struck by an arc of lightning.
The yak is lightly wounded.
The lightning grounds out.
The yak is struck by an arc of lightning!
The yak is heavily wounded.
You are struck by an arc of lightning.
* * * LOW HITPOINT WARNING * * *
The yak is struck by an arc of lightning.
The yak is moderately wounded.
You are struck by an arc of lightning.
* * * LOW HITPOINT WARNING * * *
The lightning grounds out.
The yak barely misses you. x2
Your lightning spire shoots out a bolt of lightning at the yak!
The bolt of electricity misses the yak.
The bolt of electricity hits the plant! x2
Your magical contamination has completely faded away.
Casting: Static Discharge (safe; 1% risk of failure)
Confirm with . or Enter, or press ? or * to list all spells.
The yak is struck by an arc of lightning!
The yak is heavily wounded.
The yak is struck by an arc of lightning!
The yak is severely wounded.
The yak is struck by an arc of lightning.
The yak is severely wounded.
You are struck by an arc of lightning.
* * * LOW HITPOINT WARNING * * *
The lightning grounds out.
The yak gores you.
* * * LOW HITPOINT WARNING * * *
The yak gores you but does no damage.
Casting: Static Discharge (safe; 1% risk of failure)
Confirm with . or Enter, or press ? or * to list all spells.
The yak is struck by an arc of lightning!
The yak is almost dead.
The yak is struck by an arc of lightning.
The yak is severely wounded.
The lightning grounds out.
The yak gores you.
* * * LOW HITPOINT WARNING * * *
The yak gores you!
You die...

########.# #. ###
##. #.. ##### #..
##..P# ##..
###....# ##...
#......# ##...#
#......### #....#
#@Y......#####...#
#8Y....(.##.##..##
#......(........##
#.......(.......#.
#.......####.#..#.
#......## ###....
##.....# ##..##
#.....# ##.....
#....# ##......


You could see 2 yaks and a friendly lightning spire (summoned).

Vanquished Creatures
  A hydra (Lair:1)
  Urug (D:11)
  A manticore (D:7)
  A gargoyle (D:10)
  A komodo dragon (Lair:1)
  A hornet (D:9)
  A wraith (D:11)
  5 yaks
  A basilisk (Lair:1)
  An acid dragon (D:11)
  2 water moccasins (D:7)
  3 orc warriors
  A sky beast (D:8)
  A black bear (D:6)
  An ice beast (D:8)
  2 ogres
  A centaur (D:7)
  6 bullfrogs
  2 gnoll sergeants (D:7)
  3 scorpions
  8 killer bees
  A water moccasin skeleton (D:5)
  2 wights (D:9)
  A howler monkey (D:7)
  A bullfrog zombie (D:7)
  2 centaur zombies
  A hound (D:6)
  A gnoll shaman (D:8)
  An orc priest (D:9)
  Natasha (twice) (D:2)
  An iguana (D:6)
  4 orc wizards
  10 gnolls
  10 adders
  A white imp (D:4)
  An ufetubus (D:7)
  A dart slug (D:4)
  12 orcs
  19 ball pythons
  A bat (D:1)
  3 endoplasms
  13 giant cockroaches
  8 goblins
  5 hobgoblins
  6 kobolds
  12 quokkas
  11 frilled lizards
  8 rats
182 creatures vanquished.

Vanquished Creatures (collateral kills)
  3 two-headed ogres
  A cane toad (Lair:1)
  A gargoyle (D:11)
  A komodo dragon (Lair:1)
  A troll (D:11)
  A shadow (D:11)
  2 wraiths (D:10)
  10 yaks
  2 acid dragons
  A water moccasin (Lair:1)
  4 orc warriors
  A bullfrog (Lair:1)
  A killer bee (D:10)
  2 wights (D:9)
  A centaur zombie (D:10)
  3 orc priests
  An orc wizard (D:9)
  A howler monkey zombie (D:10)
  3 orcs
40 creatures vanquished.

Vanquished Creatures (others)
  A slime creature (D:7)
  A yak (D:9)
  A golden eye (shapeshifter) (Lair:1)
  A water moccasin (D:7)
  2 necrophages (D:7)
  3 black bears
  4 ogres
  2 sky beasts
  4 centaurs
  2 bullfrogs (D:7)
  A gnoll sergeant (D:6)
  A water moccasin zombie (D:7)
  2 wights
  77 jellies
  An electric eel (D:6)
  5 orc priests
  A hound (D:4)
  Natasha (D:2)
  An iguana (D:6)
  An orc wizard (D:10)
  A killer bee zombie (D:7)
  A hound skeleton (D:5)
  A howler monkey zombie (D:7)
  7 gnolls
  3 adders
  2 ufetubi
  A dart slug (D:4)
  35 orcs
  2 endoplasms (Sewer)
  7 giant cockroaches
  A goblin (D:3)
  2 hobgoblins (D:3)
  A quokka (Sewer)
  3 ball pythons
  2 frilled lizards (Sewer)
  8 fungi (Lair:1)
  17 plants
206 creatures vanquished.

Grand Total: 428 creatures vanquished

Notes
Turn   | Place    | Note
-------+----------+-------------------------------------------
     0 | D:1      | dolemite99 the Deep Elf Air Elementalist began the quest
                  | for the Orb.
     0 | D:1      | Reached XP level 1. HP: 10/10 MP: 6/6
   185 | D:1      | Reached XP level 2. HP: 15/15 MP: 6/8
  1386 | D:2      | Reached XP level 3. HP: 19/19 MP: 3/9
  1781 | D:2      | Learned a level 2 spell: Static Discharge
  1962 | D:2      | Noticed Natasha
  1966 | D:2      | Killed Natasha
  1967 | D:2      | Reached XP level 4. HP: 24/24 MP: 5/10
  2028 | D:2      | Found a faded altar of an unknown god.
  2028 | D:2      | Noticed Natasha
  2036 | D:2      | Killed Natasha
  2042 | D:2      | Became a worshipper of Jiyva Jopam the Shapeless
  2042 | D:2      | Reached * piety under Jiyva
  2117 | D:2      | Killed Natasha
  2193 | D:2      | Noticed a scorpion
  2202 | D:2      | Killed a scorpion
  2203 | D:2      | Reached skill level 5 in Conjurations
  2203 | D:2      | Reached XP level 5. HP: 4/28 MP: 2/11
  2889 | D:3      | Found a white marble altar of Elyvilon.
  3132 | D:3      | Found a runed translucent gate.
  3134 | D:3      | Noticed ClownBaby's ghost (amateur MfGl)
  3137 | D:3      | Found a runed translucent gate.
  3137 | D:3      | Found a runed translucent gate.
  3443 | D:3      | Reached ** piety under Jiyva
  4019 | D:4      | Reached XP level 6. HP: 28/32 MP: 5/12
  4325 | D:4      | Found a radiant altar of Vehumet.
  4457 | D:5      | Entered Level 5 of the Dungeon
  4504 | D:5      | Found a stormy altar of Qazlal.
  4920 | D:5      | Found a shadowy altar of Dithmenos.
  5522 | D:6      | Reached skill level 5 in Air Magic
  5570 | D:6      | Found a staircase to the Ecumenical Temple.
  5698 | D:6      | Noticed a sky beast
  5813 | D:6      | Reached XP level 7. HP: 36/36 MP: 8/13
  5937 | D:6      | Reached skill level 1 in Fighting
  6050 | D:6      | Found a glowing drain.
  6060 | Sewer    | Entered a sewer
  6774 | D:6      | Learned a level 4 spell: Airstrike
  6989 | D:7      | Killed a slime creature
  7215 | D:6      | Found a snail-covered altar of Cheibriados.
  7217 | D:6      | Found a glowing golden altar of the Shining One.
  7218 | D:6      | Found a hide-covered altar of Uskayaw.
  7292 | D:7      | Reached *** piety under Jiyva
  7357 | D:7      | Reached XP level 8. HP: 41/46 MP: 8/16
  7745 | D:7      | Reached skill level 5 in Dodging
  8404 | D:7      | Noticed a manticore
  8412 | D:7      | Killed a manticore
  8413 | D:7      | Reached XP level 9. HP: 14/50 MP: 11/17
  8656 | D:7      | Identified the +11 hunting sling of Duashyrph {freeze,
                  | Fragile rPois rF+ rC+}
  8656 | D:7      | Noticed a skeletal warrior
  8799 | D:8      | Found a broken altar of Ashenzari.
  8808 | D:8      | Found Biyxot's Antique Weapon Shop.
  8813 | D:8      | Bought a transparent trident for 238 gold pieces
  8813 | D:8      | Identified the +8 trident of Tergh {speed, Str+5 Stlth+}
                  | (You bought it in a shop on level 8 of the Dungeon)
  9282 | D:7      | Reached **** piety under Jiyva
  9570 | D:7      | Learned a level 4 spell: Summon Lightning Spire
  9721 | D:8      | Reached skill level 1 in Summonings
  9996 | D:8      | Found Nehuu's Antique Weapon Emporium.
 10423 | D:9      | Gained mutation: You evolve. [Jiyva's grace]
 10437 | D:9      | Found a staircase to the Orcish Mines.
 10489 | D:9      | Found a faded altar of an unknown god.
 10489 | D:9      | Found an ornate altar of the Wu Jian Council.
 10496 | D:9      | Found a shimmering altar of Xom.
 10498 | D:9      | Found a faded altar of an unknown god.
 10500 | D:9      | Found a glowing silver altar of Zin.
 10566 | D:9      | Reached ***** piety under Jiyva
 10742 | D:9      | Noticed a two-headed ogre
 10743 | D:9      | Gained mutation: You have acidic saliva. [Jiyva's grace]
 11102 | D:9      | Reached skill level 5 in Summonings
 11156 | D:9      | Killed a two-headed ogre
 11392 | D:9      | Gained mutation: You have a pair of small horns on your
                  | head. [Jiyva's grace]
 11556 | D:9      | Reached XP level 10. HP: 56/56 MP: 11/18
 11901 | D:10     | Entered Level 10 of the Dungeon
 11912 | D:10     | Learned a level 4 spell: Summon Ice Beast
 11957 | D:10     | Reached skill level 1 in Ice Magic
 12548 | D:10     | Noticed a gargoyle
 12555 | D:10     | Killed a gargoyle
 12689 | D:10     | Gained mutation: You occasionally shout uncontrollably at
                  | your foes. [evolution]
 12689 | D:10     | Lost mutation: You evolve. [end of evolution]
 12752 | D:10     | Found the +5 scythe "Finisher" {speed, eviscerate}
 12909 | D:10     | Reached skill level 5 in Ice Magic
 13217 | D:11     | Reached skill level 1 in Bows
 13223 | D:11     | Gained mutation: You have a small jelly attached to you
                  | that may absorb incoming projectiles. [Jiyva's grace]
 13239 | D:11     | Noticed an oklob plant
 13248 | D:11     | Noticed an oklob plant
 13250 | D:11     | Found a staircase to the Lair.
 13296 | D:11     | Noticed an oklob plant
 13383 | D:11     | Noticed Urug
 13394 | D:11     | HP: 2/56 [Urug/silver javelin (6)]
 13399 | D:11     | Noticed a two-headed ogre
 13404 | D:11     | Killed Urug
 13522 | D:11     | Reached ****** piety under Jiyva
 13666 | D:11     | Noticed a gargoyle
 13912 | D:11     | Killed a gargoyle
 14070 | D:11     | Noticed a two-headed ogre
 14080 | D:11     | Killed a two-headed ogre
 14081 | D:11     | Reached skill level 5 in Spellcasting
 14086 | D:11     | Gained mutation: You evolve. [Jiyva's grace]
 14089 | D:11     | Killed a two-headed ogre
 14199 | D:11     | Learned a level 3 spell: Call Canine Familiar
 15228 | Lair:1   | Entered Level 1 of the Lair of Beasts
 15261 | Lair:1   | Learned a level 1 spell: Animate Skeleton
 15495 | Lair:1   | Noticed a cane toad
 15502 | Lair:1   | Killed a cane toad
 15506 | Lair:1   | Reached XP level 11. HP: 22/61 MP: 17/23
 15522 | Lair:1   | Gained mutation: You have a pair of horns on your head.
                  | [Jiyva's grace]
 15551 | Lair:1   | Noticed a four-headed hydra
 15566 | Lair:1   | Killed a four-headed hydra
 16072 | Lair:1   | Found a transporter.
 16074 | Lair:1   | Found a one-way gate to the infinite horrors of the Abyss.
 16074 | Lair:1   | Noticed jasper's ghost (journeyman DgTm)
 16075 | Lair:1   | Noticed a cyan ugly thing
 16082 | Lair:1   | Noticed a spriggan rider
 16241 | Lair:1   | HP: 2/61 [yak (5)]
 16241 | Lair:1   | Mangled by a yak

Illustrated notes

Levels and vault maps discovered:
D:1:      eino_arrival_cavern_c, layout_loops_corners, minivault_11,
          nrook_mini_backslash, serial_park_tiny_1
D:2:      layout_loops_ring, hellmonk_ecumenical_altar_heavens_door,
          uniq_natasha
D:3:      layout_loops_ring, elyvilon_altar_5, gammafunk_ghost_split
D:4:      wad_pebble_path, layout_basic, lemuel_coloured_pillars_altar,
          chequers_arboretum, minmay_fountain_box
D:5:      layout_layer_cave, nicolae_overflow_hidden_temple,
          grunt_qazlal_sundering, minmay_misc_feat_plants
D:6:      layout_gridville, minitemple, minmay_temple_entry_drinking_statues,
          cheibrodos_sewer_entry_drain, hangedman_decor_opposing,
          nicolae_water_bricks
D:7:      minmay_the_grid_triangle_9x9_rhombus_full
          [minmay_the_grid_triangle_9x9_thin_v,
          minmay_the_grid_triangle_9x9_skeleton,
          minmay_the_grid_triangle_9x9_corruption,
          minmay_the_grid_triangle_9x9_swiss_cheese,
          minmay_the_grid_triangle_9x9_negative_grid,
          minmay_the_grid_triangle_9x9_zippers_horizontal,
          minmay_the_grid_triangle_9x9_longest,
          minmay_the_grid_triangle_9x9_prize_top_heavy], layout_cave_pools,
          lemuel_mausoleum_altar_kikubaaqudgha, chequers_serial_rivers_large_a
D:8:      layout_loops_ring, ashenzari_altar_1, serial_shops, shop_fountains,
          shop_fountains, kennysheep_cross_room
D:9:      layout_roguey [special_room_orc], chequers_temple_overflow_minitemple,
          orc_0_dummy, dk_noncrumbling_4
D:10:     layout_loops_cross, minmay_guarded_unrand_finisher
D:11:     layout_basic, dpeg_oklobed_lair, serial_corexii_hall,
          corexii_hall_statues_i, corexii_hall_statues_x,
          chequers_hall_statues_y, corexii_hall_statues_i, uniq_urug
Lair:1:   layout_cave_pods, gammafunk_ghost_abyssal_escape,
          grunt_forest_small_clearing_treed, grunt_megastairs_3

Skill      XL: |  1  2  3  4  5  6  7  8  9 10 11 |
---------------+----------------------------------+-----
Conjurations   | 2 3 4 5 6 |  6.0
Air Magic      | 4 5 6 8 9 |  9.1
Spellcasting   | 4 6 |  6.9
Fighting       | 3 4 |  4.3
Dodging        | 3 7 8 9 |  9.3
Summonings     | 6 7 8 |  8.1
Ice Magic      | 5 |  5.1
Bows           | 4 |  4.0
Stealth        | |  2.4

Action                   |  1- 3 |  4- 6 |  7- 9 | 10-12 || total
-------------------------+-------+-------+-------+-------++-------
Melee: Dagger            |    11 |    10 |     9 |       ||    30
       Trident           |       |       |     9 |     2 ||    11
 Fire: Shortbow          |       |       |       |    19 ||    19
 Cast: Shock             |    58 |    91 |   171 |    68 ||   388
       Static Discharge  |       |     6 |    65 |    10 ||    81
       Airstrike         |       |       |    13 |    18 ||    31
       Summon Lightning  |       |       |    10 |    31 ||    41
       Call Canine Famil |       |       |       |     3 ||     3
Invok: Request Jelly     |       |     5 |     4 |     3 ||    12
  Use: Scroll            |       |     6 |     3 |     2 ||    11
       Potion            |       |       |     3 |     4 ||     7
 Stab: Sleeping          |       |       |       |     1 ||     1
Armor: Robe              |     4 |     1 |       |       ||     5
       Troll leather arm |       |    17 |    38 |       ||    55
       Acid dragon scale |       |       |       |     5 ||     5
Dodge: Dodged            |     9 |    36 |   119 |    40 ||   204

Table legend: (Time is in decaauts)
 A = Elapsed time spent in this place.
 B = Non-inter-level travel time spent in this place.
 C = Inter-level travel time spent in this place.
 D = Time resting spent in this place.
 E = Time spent auto-exploring this place.
 F = Levels seen in this place.
 G = Mean time per level.
                   A        B        C        D        E       F      G
               +--------+--------+--------+--------+--------+-----+--------+
         Total |  16312 |  15774 |    538 |   4362 |   9188 |  13 | 1254.8 |
       Dungeon |  14555 |  14017 |    538 |   3905 |   8181 |  11 | 1323.2 |
          Lair |   1013 |   1013 |      0 |    330 |    566 |   1 | 1013.0 |
         Sewer |    742 |    742 |      0 |    127 |    440 |   1 |  742.0 |
               +--------+--------+--------+--------+--------+-----+--------+

Top non-repeatable levels by time:
    D:11: 1824 daAuts
     D:7: 1719 daAuts
     D:2: 1540 daAuts
    D:10: 1503 daAuts
     D:9: 1425 daAuts
     D:6: 1415 daAuts
     D:1: 1222 daAuts
     D:8: 1161 daAuts
     D:5: 1050 daAuts
  Lair:1: 1013 daAuts
     D:3: 888 daAuts
     D:4: 803 daAuts
   Sewer: 742 daAuts
